 Dungeon Crawl Stone Soup version 0.22.1-1-ga44c0e5 (webtiles) character file.

236 Fang the Chopper (level 6, -8/39 HPs)
             Began as a Gargoyle Berserker on Oct 1, 2018.
             Was a Believer of Trog.
             Killed by divine providence
             ... invoked by an orc priest
              (17 damage)
             ... on level 4 of the Dungeon.
             The game lasted 00:02:34 (2625 turns).

Fang the Chopper (Gargoyle Berserker)               Turns: 2625, Time: 00:02:34

Health: -8/39      AC:  6    Str: 23    XL:     6   Next: 6%
Magic:  6/6        EV: 12    Int:  7    God:    Trog [**....]
Gold:   277        SH:  0    Dex:  9    Spells: 5/5 levels left

rFire    . . .     SeeInvis .   a - +0 hand axe
rCold    . . .     Gourm    .   (no shield)
rNeg     + . .     Faith    .   b - +0 animal skin
rPois    ∞         Spirit   .   (no helmet)
rElec    +         Reflect  .   (no cloak)
rCorr    .         Harm     .   (no gloves)
MR       .....                  (no boots)
Stlth    +.........             (no amulet)
HPRegen  0.13/turn              (no ring)
MPRegen  0.10/turn              (no ring)

@: no status effects
A: negative energy resistance 1, electricity resistance, unbreathing,
petrification resistance, rot immunity, AC +4
a: Berserk, Trog's Hand, Renounce Religion


You were on level 4 of the Dungeon.
You worshipped Trog.
Trog was pleased with you.
You were hungry.

You visited 1 branch of the dungeon, and saw 4 of its levels.

You collected 277 gold pieces.

Inventory:

Hand Weapons
 a - a +0 hand axe (weapon)
Armour
 b - a +0 animal skin (worn)
Scrolls
 d - 3 scrolls of teleportation {unknown}
 f - 3 scrolls of remove curse {unknown}
 g - a scroll of enchant weapon {unknown}
 k - 2 scrolls of blinking {unknown}
 l - 2 scrolls of identify {unknown}
 o - a scroll of fog {unknown}
Potions
 e - 3 potions of agility {unknown}
 h - a potion of berserk rage {unknown}
 i - a potion of degeneration {unknown}
 j - 2 potions of curing {unknown}
 m - 2 potions of magic {unknown}
 n - 2 potions of lignification {unknown}
 p - a potion of invisibility {unknown}
 r - a potion of cancellation {unknown}
 s - a potion of flight {unknown}
Comestibles
 c - 8 rations


   Skills:
 + Level 4.4 Fighting
 + Level 4.5 Axes
 + Level 2.8 Armour
 + Level 2.5 Dodging
 + Level 1.0 Stealth


You had 5 spell levels left.
You didn't know any spells.
Your spell library was empty.

Dungeon Overview and Level Annotations

Branches:
Dungeon (4/15)
 Temple: D:4-7

Altars:
Qazlal
Sif Muna
Xom
The Shining One


Innate Abilities, Weirdness & Mutations

You are resistant to torment.
Your stone body is resilient. (AC +4)
You are immune to poison.
You resist negative energy. (rN+)
You are resistant to electric shocks. (rElec)
You can survive without breathing.
You are immune to petrification.
You are immune to rotting.


Message History

The orc wizard points at you and mumbles some strange words.
The puff of flame hits you!
* * * LOW HITPOINT WARNING * * *
You are too injured to fight recklessly!
Unknown command.
You are too injured to fight recklessly!
You are too injured to fight recklessly!
The orc wizard shouts!
You hear a shout!
The adder bites you but does no damage. The adder bites you but does no damage.
Things that are here:
a dire flail of crushing; a scale mail; the human skeleton of Edmund You are feeling hungry.
The adder closely misses you.
Found a runed buckler.
The adder bites you.
* * * LOW HITPOINT WARNING * * *
The orc priest calls down the wrath of Beogh upon you.
Beogh smites you!
You die...

.... #... .#
##.... #...#.#
......
.....##......
#.#...#......
#...# .......
#..###.......
####...#@.>.....
#.oo...S.#......
#.##............
#.#####.##......
#......o.o.##.#
#.....
#.##.##.##.##..
....# # ...
..[## ##.# ###
### #


You could see an orc priest, an orc wizard and an adder.

Vanquished Creatures
  Edmund (D:4)
  4 adders
  2 oozes (D:2)
  2 worms (D:2)
  3 dart slugs
  A leopard gecko (D:3)
  4 orcs
  3 giant cockroaches (D:2)
  8 hobgoblins
  4 jackals (D:3)
  7 kobolds
  2 quokkas (D:3)
  6 bats
  4 frilled lizards
  7 goblins
  A jackal skeleton (D:3)
  5 rats
64 creatures vanquished.

Notes
Turn   | Place    | Note
-------+----------+-------------------------------------------
     0 | D:1      | Fang the Gargoyle Berserker began the quest for the Orb.
     0 | D:1      | Reached XP level 1. HP: 14/14 MP: 1/1
   167 | D:1      | Reached XP level 2. HP: 17/19 MP: 2/2
   708 | D:2      | Reached XP level 3. HP: 21/24 MP: 3/3
   906 | D:2      | Found a deep blue altar of Sif Muna.
  1070 | D:2      | Reached XP level 4. HP: 29/29 MP: 4/4
  1487 | D:2      | Reached ** piety under Trog
  1522 | D:2      | Found a faded altar of an unknown god.
  1819 | D:3      | Found a snail-covered altar of Cheibriados.
  1821 | D:3      | Found a glowing golden altar of the Shining One.
  1821 | D:3      | Found a shimmering altar of Xom.
  1826 | D:3      | Found a snail-covered altar of Cheibriados.
  1826 | D:3      | Found a shimmering altar of Xom.
  1826 | D:3      | Found a stormy altar of Qazlal.
  2254 | D:3      | Reached XP level 5. HP: 33/33 MP: 5/5
  2546 | D:4      | Noticed Edmund
  2565 | D:4      | Killed Edmund
  2565 | D:4      | Reached skill level 1 in Stealth
  2565 | D:4      | Reached XP level 6. HP: 27/39 MP: 6/6
  2625 | D:4      | Killed from afar by an orc priest

Skill      XL: |  1  2  3  4  5 |
---------------+----------------+-----
Axes           | 3 4 |  4.5
Fighting       | 4 |  4.4
Dodging        | 2 |  2.5
Stealth        | 1 |  1.0
Armour         | |  2.8

Action                   |  1- 3 |  4- 6 || total
-------------------------+-------+-------++-------
Melee: Hand axe          |    85 |   130 ||   215
Invok: Berserk           |     1 |     1 ||     2
 Stab: Sleeping          |       |     1 ||     1
  Eat: Chunk             |     1 |     6 ||     7
Armor: Animal skin       |    35 |    44 ||    79
Dodge: Dodged            |    53 |    97 ||   150
